 Dungeon Crawl Stone Soup version 0.25.1-9-gc5326a611f (webtiles) character file.

Game seed: 15484037138571535272

683 DearestLeader the Chopper (level 7, -4/50 HPs)
             Began as a Demonspawn Gladiator on Dec 16, 2020.
             Slain by an ogre
             ... wielding a +0 giant club
              (24 damage)
             ... on level 5 of the Dungeon on Jan 4, 2021.
             The game lasted 00:08:18 (4928 turns).

DearestLeader the Chopper (Demonspawn Gladiator)    Turns: 4928, Time: 00:08:19

Health: -4/50      AC: 12    Str: 16    XL:     7   Next: 35%
Magic:  7/7        EV: 12    Int: 10    God:
Gold:   131        SH:  0    Dex: 14    Spells: 6/6 levels left

rFire    + . .     SeeInvis +   a - +0 war axe
rCold    . . .     Gourm    .   (no shield)
rNeg     . . .     Faith    .   y - +2 leather armour {MR+}
rPois    .         Spirit   .   c - +0 helmet
rElec    .         Reflect  .   (no cloak)
rCorr    .         Harm     .   (no gloves)
MR       +....                  (no boots)
Stlth    +.........             (no amulet)
HPRegen  0.16/turn              b - ring of see invisible
MPRegen  0.10/turn              (no ring)

@: sanguine armour
A: hooves 2, demonic guardian 1, fire resistance 1, sanguine armour 1
a: no special abilities


You were on level 5 of the Dungeon.
You were not hungry.

You visited 1 branch of the dungeon, and saw 5 of its levels.

You collected 131 gold pieces.

Inventory:

Hand Weapons
 a - a +0 war axe (weapon)
 x - a +3 dire flail of protection
Missiles
 d - 4 throwing nets (quivered)
Armour
 c - a +0 helmet (worn)
 t - a +0 scale mail
 y - a +2 leather armour of magic resistance (worn)
Jewellery
 b - a ring of see invisible (left hand)
Wands
 p - a wand of flame (17)
 v - a wand of digging (3)
Scrolls
 e - 2 scrolls of remove curse
 m - a scroll of teleportation
 n - a scroll of magic mapping {unknown}
 q - a scroll of blinking
 r - a scroll of immolation {unknown}
 s - a scroll of amnesia {unknown}
 z - a scroll of enchant weapon {unknown}
Potions
 g - a potion of brilliance {unknown}
 h - a potion of magic {unknown}
 i - 2 potions of heal wounds {unknown}
 j - a potion of resistance {unknown}
 l - a potion of might {unknown}
 o - a potion of berserk rage {unknown}
 u - a potion of stabbing {unknown}
 w - a potion of lignification {unknown}
Comestibles
 f - 4 rations


   Skills:
 - Level 2.0 Fighting
 * Level 7.1 Axes
 - Level 1.7 Throwing
 + Level 3.2 Armour
 - Level 2.6 Dodging


You had 6 spell levels left.
You didn't know any spells.
Your spell library was empty.

Dungeon Overview and Level Annotations

Branches:
Dungeon (5/15)
 Temple: D:4-7

Altars:
Ashenzari
Cheibriados
Dithmenos
Fedhas
Qazlal
Beogh

Annotations:
D:2 Sigmund
D:4 3 runed translucent doors, Sableheart's ghost, amateur GrEE


Innate Abilities, Weirdness & Mutations

You have hoof-like feet.
A weak demonic guardian rushes to your aid.
Your flesh is heat resistant. (rF+)
When seriously injured, your bleeding wounds create armour. (AC +6)


Message History

Your iron imp dies!
You barely miss the giant cockroach. Your kick misses the giant cockroach.
You hear the quick rusting of a very distant drain.
The giant cockroach bites you but does no damage.
You slash the giant cockroach!
You kill the giant cockroach!
You hit the ogre. You kick the ogre.
The ogre is heavily wounded.
The ogre barely misses you.
You barely miss the ogre. You kick the ogre.
The ogre is severely wounded.
The ogre misses you.
You closely miss the ogre. Your kick misses the ogre.
The ogre is severely wounded.
The ogre misses you. The ogre hits you with a +0 giant club.
You barely miss the ogre. You kick the ogre!
The ogre is almost dead.
The ogre hits you with a +0 giant club!!
You die...

#. #.######..#
#..#.........##
#.#########..#
#..### ##.## ##
#...#### #..#
#...###....#####.#
#......)..†....#
#...###....#####O#
## ##...#### ##.@#
. #..### #...#
.###.## ##...#
..#..# #...##
#.#.## ##.#..#
#.#.# # #..##.####
#...#
#..#.###....#
##.##
#........##.# .#.#
#.##.###..#.#


You could see an ogre.

Vanquished Creatures
  A sky beast (D:5)
  A scorpion (D:4)
  A hound (D:5)
  A jelly (D:5)
  Terence (D:3)
  A hound skeleton (D:5)
  Robin (D:2)
  7 adders
  3 gnolls (D:3)
  An ooze (D:3)
  A worm (D:3)
  6 dart slugs
  2 leopard geckos
  8 orcs
  A ball python (D:1)
  3 giant cockroaches
  16 goblins
  13 hobgoblins
  A jackal (D:3)
  A quokka (D:2)
  6 bats
  7 frilled lizards
  A giant cockroach zombie (D:5)
  3 kobolds (D:1)
  5 rats
92 creatures vanquished.

Vanquished Creatures (collateral kills)
  Edmund (D:4)
  2 ogres
  A hound (D:5)
  An iguana (D:4)
  A leopard gecko (D:4)
6 creatures vanquished.

Grand Total: 98 creatures vanquished

Notes
Turn   | Place    | Note
-------+----------+-------------------------------------------
     0 | D:1      | DearestLeader the Demonspawn Gladiator began the quest for
                  | the Orb.
     0 | D:1      | Reached XP level 1. HP: 16/16 MP: 1/1
    80 | D:1      | Reached skill level 3 in Axes
   263 | D:1      | Gained mutation: Your flesh is heat resistant. (rF+)
                  | [demonic ancestry]
   263 | D:1      | Reached XP level 2. HP: 15/22 MP: 2/2
   785 | D:1      | Gained mutation: You have large cloven feet. [demonic
                  | ancestry]
   785 | D:1      | Reached XP level 3. HP: 27/27 MP: 3/3
  1009 | D:2      | Noticed Robin
  1014 | D:2      | Reached skill level 4 in Axes
  1032 | D:2      | Killed Robin
  1255 | D:2      | Gained mutation: A weak demonic guardian rushes to your
                  | aid. [demonic ancestry]
  1255 | D:2      | Reached XP level 4. HP: 33/33 MP: 4/4
  1761 | D:2      | Noticed Sigmund
  1802 | D:2      | Reached skill level 5 in Axes
  2187 | D:3      | Gained mutation: When seriously injured, your bleeding
                  | wounds create armour. (AC +6) [demonic ancestry]
  2187 | D:3      | Reached XP level 5. HP: 35/38 MP: 5/5
  2319 | D:3      | Found a stormy altar of Qazlal.
  2363 | D:3      | Noticed Terence
  2380 | D:3      | Killed Terence
  2574 | D:3      | Reached skill level 1 in Armour
  3094 | D:4      | Identified the +5 dagger of Disarray {vorpal, +Inv}
  3095 | D:4      | Found a runed translucent gate.
  3095 | D:4      | Found a runed translucent gate.
  3095 | D:4      | Noticed Sableheart's ghost (amateur GrEE)
  3096 | D:4      | Found a runed translucent gate.
  3106 | D:4      | Found a roughly hewn altar of Beogh.
  3143 | D:4      | Gained mutation: You have hoof-like feet. [demonic
                  | ancestry]
  3143 | D:4      | Reached XP level 6. HP: 32/44 MP: 6/6
  3250 | D:4      | Noticed Edmund
  3305 | D:4      | Killed Edmund
  3305 | D:4      | Reached skill level 6 in Axes
  3569 | D:4      | Upgraded the game from 0.25.1-8-g42b30a86e7 to
                  | 0.25.1-9-gc5326a611f
  3611 | D:4      | Found a snail-covered altar of Cheibriados.
  3644 | D:4      | Found a shattered altar of Ashenzari.
  3703 | D:4      | Found a blossoming altar of Fedhas.
  4368 | D:5      | Entered Level 5 of the Dungeon
  4609 | D:5      | Noticed a sky beast
  4611 | D:5      | Reached XP level 7. HP: 46/50 MP: 7/7
  4626 | D:5      | Reached skill level 7 in Axes
  4694 | D:5      | Found a shadowy altar of Dithmenos.
  4928 | D:5      | Slain by an ogre

Illustrated notes

Levels and vault maps discovered:
D:1:      minmay_arrival_radiant_lines, layout_basic, skrybe_limestone_x
D:2:      layout_basic, lemuel_round_altar, first_ration, uniq_sigmund,
          uniq_robin, uniq_jessica
D:3:      layout_loops_ring, marbit_many_paths, kennysheep_generic_room_10,
          uniq_terence
D:4:      layout_rooms, kennysheep_slug_shrine, lemuel_doored_altar,
          overflow_temple_1_default, biasface_ghost_orc_armoury,
          hangedman_abyss_or_decor_stagger, kennysheep_decorative_pillar,
          roderic_lattice_a, kennysheep_donut, uniq_edmund
D:5:      minmay_general_purpose_star, layout_basic, grunt_dithmenos_smoke,
          cheibrodos_sewer_entry_bend, uniq_prince_ribbit1

Skill      XL: |  1  2  3  4  5  6  7 |
---------------+----------------------+-----
Axes           | 3 4 5 6 7 |  7.1
Armour         | 1 2 3 |  3.2
Fighting       | |  2.0
Throwing       | |  1.7
Dodging        | |  2.6

Action                   |  1- 3 |  4- 6 |  7- 9 || total
-------------------------+-------+-------+-------++-------
Melee: War axe           |    93 |   157 |    29 ||   279
       Kick              |     8 |    43 |    10 ||    61
  Use: Scroll            |       |     3 |       ||     3
 Stab: Sleeping          |     1 |       |       ||     1
       Distracted        |       |       |     1 ||     1
  Eat: Chunk             |     1 |     9 |       ||    10
       Ration            |       |       |     1 ||     1
Armor: Leather armour    |    43 |    61 |    15 ||   119
Dodge: Dodged            |    68 |   109 |    12 ||   189
